 Dungeon Crawl Stone Soup version 0.27-a0-1448-g9c78c815f3 (webtiles) character file.

Game seed: 1875774382285243079

1 Animzor the Ducker (level 1, -1/7 HPs)
             Began as a Felid Air Elementalist on July 5, 2021.
             Slain by a ball python (2 damage)
             ... on level 1 of the Dungeon.
             The game lasted 00:03:40 (185 turns).

Animzor the Ducker (Felid Air Elementalist)          Turns: 185, Time: 00:03:42

Health: -1/7       AC:  1    Str:  4    XL:     1   Next: 16%
Magic:  4/4        EV: 14    Int: 16    God:
Gold:   11         SH:  0    Dex: 16    Spells: 3/4 levels left
                                        Lives:  0   Deaths: 0

rFire    . . .     SeeInvis +   (weapon unavailable)
rCold    . . .     Faith    .   (shield unavailable)
rNeg     . . .     Spirit   .   (armour unavailable)
rPois    .         Reflect  .   (helmet unavailable)
rElec    .         Harm     .   (cloak unavailable)
rCorr    .         Rampage  .   (gloves unavailable)
Will     .....                  (boots unavailable)
Stlth    ++........             (no amulet)
HPRegen  0.02/turn              (no ring)
MPRegen  0.09/turn              (no ring)

@: constricted, quick
A: very small, claws 1, fangs 3, see invisible, speed 1, shaggy fur 1, stealthy
paws, no weapons or thrown items, no armour, multi-lived
a: no special abilities


You were on level 1 of the Dungeon.
You visited 1 branch of the dungeon, and saw 1 of its levels.

You collected 11 gold pieces.

Inventory:

Jewellery
 a - a ring of flight


   Skills:
 + Level 2.9 Dodging
 + Level 2.6 Stealth
 + Level 2.0 Spellcasting
 + Level 0.8 Conjurations
 + Level 2.6 Air Magic


You had 3 spell levels left.
You knew the following spells:

 Your Spells              Type           Power      Damage    Failure   Level
a - Shock                 Conj/Air       28%        1d4       10%         1

Your spell library contained the following spells:

 Spells                   Type           Power      Damage    Failure   Level
 Static Discharge         Conj/Air       7%         N/A       16%         2
 Swiftness                Air            10%        N/A       21%         3
 Airstrike                Air            5%         N/A       56%         4


Dungeon Overview and Level Annotations

Branches:
Dungeon (1/15)

Altars:


Innate Abilities, Weirdness & Mutations

You have sharp claws.
You have razor-sharp teeth.
You have supernaturally acute eyesight. (SInv)
You cover ground quickly. (Speed+)
You are covered in fur. (AC +1)
Your paws help you pounce on unaware monsters.
You are incapable of wielding weapons or throwing items.
You cannot wear armour.
You gain extra lives every three experience levels.


Message History

Press: ? - help, Shift-Dir - straight line, f - endoplasm
Aim: an endoplasm (97% to hit)
The zap hits the endoplasm.
The endoplasm is heavily wounded.
Casting: Shock (safe; 10% risk of failure)
Confirm with . or Enter, or press ? or * to list all spells.
You don't know that spell.
Casting: Shock (safe; 10% risk of failure)
Confirm with . or Enter, or press ? or * to list all spells.
Aiming: Shock (safe; 10% risk of failure)
Press: ? - help, Shift-Dir - straight line, f/p - endoplasm
Aim: an endoplasm (heavily wounded, 97% to hit)
The zap hits the endoplasm.
The endoplasm is almost dead.
The endoplasm freezes you.
You are frozen.
You scratch the endoplasm.
You kill the endoplasm!
Okay, then.
A frilled lizard, a ball python and a quokka come into view.
You see here a ring of flight.
a - a ring of flight The goblin shouts!
You hear an angry hiss.
A ball python comes into view.
The goblin barely misses you.
There is an open door here.
There is an open door here.
The ball python bites you. The ball python misses you.
There is an open door here.
You barely miss the ball python. You barely miss the ball python.
The ball python misses you. The ball python grabs you.
The ball python constricts you. The ball python closely misses you.
As you open the door, it creaks loudly! The ball python misses you.
The ball python constricts you.
The quokka twitches its whiskers.
The ball python bites you.
* * * LOW HITPOINT WARNING * * *
The ball python bites you.
You die...

........l# ......#....
......# .## #######
### ### # #.## #.## ##
#..## #..## .##
#...###...## ..##
#....##S<..## ...##
#.g..rS@....# #..g##
#'#####'##### ##...##
#.## #.## ###..r##
#..## #..## #
##...###r..###...##
#####...##.⌠..##....##
.......S.'.....'.....#
######################


You could see a quokka, a goblin and 2 ball pythons.

Vanquished Creatures
  An endoplasm (D:1)
1 creature vanquished.

Notes
Turn   | Place    | Note
-------+----------+-------------------------------------------
     0 | D:1      | Animzor the Felid Air Elementalist began the quest for the
                  | Orb.
     0 | D:1      | Reached XP level 1. HP: 7/7 MP: 4/4
   185 | D:1      | Slain by a ball python

Illustrated notes

Levels and vault maps discovered:
D:1:      dpeg_arrival_triangle_fractal, layout_rooms,
          ebering_ecumenical_altar_box, chequers_mini_garden

Action                   || total
-------------------------++-------
Melee: Unarmed           ||     3
 Cast: Shock             ||     2
Dodge: Dodged            ||     5

Table legend: (Time is in decaauts)
 A = Elapsed time spent in this place.
 B = Non-inter-level travel time spent in this place.
 C = Inter-level travel time spent in this place.
 D = Time resting spent in this place.
 E = Time spent auto-exploring this place.
 F = Levels seen in this place.
 G = Mean time per level.
                   A        B        C        D        E       F      G
               +--------+--------+--------+--------+--------+-----+--------+
         Total |    150 |    149 |      1 |      0 |     59 |   1 |  150.0 |
       Dungeon |    150 |    149 |      1 |      0 |     59 |   1 |  150.0 |
               +--------+--------+--------+--------+--------+-----+--------+

Top non-repeatable levels by time:
     D:1: 150 daAuts
